 Dungeon Crawl Stone Soup version 0.29.1-2-gbd0b4ee654 (webtiles) character file.

Game seed: 18359267374583898091

112 qeuew the Trooper (level 4, -3/37 HPs)
             Began as a Merfolk Abyssal Knight on Nov 11, 2022.
             Was an Elder of Lugonu.
             Slain by an adder (4 damage)
             ... on level 3 of the Dungeon.
             The game lasted 00:02:55 (2640 turns).

qeuew the Trooper (Merfolk Abyssal Knight)          Turns: 2640, Time: 00:02:56

Health: -3/37      AC:  3    Str: 15    XL:     4   Next: 95%
Magic:  6/6        EV: 13    Int:  9    God:    Lugonu [****..]
Gold:   117        SH:  0    Dex: 14    Spells: 3/3 levels left

rFire   . . .      SeeInvis .   a - +2 spear
rCold   . . .      Faith    .   (no shield)
rNeg    . . .      Spirit   .   b - +0 leather armour
rPois   .          Reflect  .   (no helmet)
rElec   .          Harm     .   (no cloak)
rCorr   .          Rampage  .   (no gloves)
Will    .....                   (no boots)
Stlth   +.........              (no amulet)
HPRegen 0.12/turn               (no ring)
MPRegen 0.10/turn               (no ring)

@: lethally poisoned (-3 -> -8)
A: (nimble swimmer 2), mertail
a: Renounce Religion, Depart the Abyss, Bend Space, Banish, Corrupt


You were on level 3 of the Dungeon.
You worshipped Lugonu.
Lugonu was greatly pleased with you.
You visited 1 branch of the dungeon, and saw 3 of its levels.
You visited the Abyss 1 time.

You collected 117 gold pieces.

Inventory:

Hand Weapons
 a - a +2 spear (weapon)
Armour
 b - a +0 leather armour (worn)
Scrolls
 e - a scroll of magic mapping
 g - 2 scrolls of teleportation
Potions
 d - 2 potions of haste
 f - a potion of brilliance


   Skills:
 + Level 4.0 Fighting
 + Level 3.7 Polearms
 + Level 1.5 Armour
 + Level 3.8 Dodging
 + Level 2.8 Invocations


You had 3 spell levels left.
You didn't know any spells.
Your spell library contained the following spells:

 Spells                   Type           Power      Damage    Failure   Level
 Conjure Flame            Conj/Fire      0%         6-21      83%         3
 Ignite Poison            Fire/Tmut/Pois 0%         N/A       83%         3
 Sticky Flame             Conj/Fire      0%         2d3       99%         4


Dungeon Overview and Level Annotations

Branches:
Dungeon (3/15)

Altars:


Innate Abilities, Weirdness & Mutations

((You are very nimble when in or above water. (Stealth+, EV+, Speed+++)))
Your lower body shifts to a powerful aquatic tail in water.


Message History

The adder poisons you!
You completely miss the adder.
You feel sick. The giant cockroach barely misses you.
The adder barely misses you.
You hit the adder.
The adder is heavily wounded.
You feel sick. The adder bites you.
You are more poisoned.
The adder poisons you! The giant cockroach barely misses you.
A gnoll comes into view. It is wielding a +0 flail.
A hobgoblin comes into view.
The adder attacks as you move away! The adder bites you.
You feel sick. The adder bites you. The adder attacks as you move away!
The adder bites you.
You are more poisoned.
The adder poisons you!
You feel very sick.
The giant cockroach bites you but does no damage.
You feel sick. The adder attacks as you move away! The adder bites you.
You feel sick. The adder completely misses you.
The giant cockroach attacks as you move away!
The giant cockroach bites you but does no damage.
You feel sick.
You feel sick.
You feel sick.
The giant cockroach bites you but does no damage.
The giant cockroach attacks as you move away!
The giant cockroach bites you but does no damage.
You feel sick.
The giant cockroach attacks as you move away!
The giant cockroach closely misses you.
Found 4 stones.
You feel sick. The adder attacks as you move away! The adder bites you.
* * * LOW HITPOINT WARNING * * *
You are lethally poisoned!
The adder poisons you!
* * * LOW HITPOINT WARNING * * *
You feel sick.
* * * LOW HITPOINT WARNING * * *
You feel sick. The adder bites you.
You die...

......................#...#.#
#.##.#.######..####..#...#.#>
#.##.#.# #..)..#..###'#..# .
##......# #..#.(#...#..#..# ..
......### ##.####...#..#..#.#
........# #........####.... #
.#.#....#######.....g.......###.#
#.#.#...##.....†.....#g.........
# #............@S.g..gg.........
#.#...##......B....#w##.#..##.
......#######...#####.##..w...#
.......# #...# #.####...##
####.#### #...# #.# ..... #.
#...# #.. g...# #. ##.## ###
....8 .(. $....


You could see 4 gnolls, an adder, a dart slug, a giant cockroach and a
hobgoblin.

Vanquished Creatures
  3 adders
  A worm (D:2)
  2 dart slugs (D:1)
  9 endoplasms
  2 giant cockroaches (D:2)
  12 goblins
  6 hobgoblins
  7 jackals
  8 kobolds
  4 quokkas
  8 ball pythons
  4 bats
  3 frilled lizards
  2 rats (D:2)
71 creatures vanquished.

Vanquished Creatures (others)
  5 plants (D:3)
5 creatures vanquished.

Grand Total: 76 creatures vanquished

Notes
Turn   | Place    | Note
-------+----------+-------------------------------------------
     0 | Abyss:1  | qeuew the Merfolk Abyssal Knight began the quest for the
                  | Orb.
     0 | Abyss:1  | Reached XP level 1. HP: 18/18 MP: 2/2
     1 | D:1      | Escaped the Abyss
   223 | D:1      | Reached XP level 2. HP: 15/24 MP: 3/3
   425 | D:1      | Reached skill level 1 in Armour
   538 | D:1      | Reached XP level 3. HP: 25/29 MP: 4/4
   682 | D:1      | Reached *** piety under Lugonu
  1404 | D:2      | Reached XP level 4. HP: 37/37 MP: 5/5
  2474 | D:3      | Reached skill level 4 in Fighting
  2596 | D:3      | Reached **** piety under Lugonu
  2640 | D:3      | HP: 1/37 [poisoned by an adder]
  2640 | D:3      | Slain by an adder

Illustrated notes

Levels and vault maps discovered:
D:1:      wander_arrival_desolate, layout_rooms, minmay_splitting_lines,
          minmay_tetromino_t2
D:2:      layout_loops_ring
D:3:      corexii_shack_village, layout_loops_cross, lightli_temple_of_fire,
          dk_yredelemnul_ordeal, shapermc_ecumenical_altar_notcrosses,
          uniq_crazy_yiuf_cottage

Skill      XL: |  1  2  3  4 |
---------------+-------------+-----
Dodging        | 3 |  3.8
Polearms       | 3 |  3.7
Armour         | 1 |  1.5
Fighting       | 4 |  4.0
Invocations    | |  2.8

Action                   |  1- 3 |  4- 6 || total
-------------------------+-------+-------++-------
Melee: Spear             |   118 |   102 ||   220
       Punch             |       |     2 ||     2
  Use: Scroll            |     4 |     2 ||     6
       Potion            |     1 |       ||     1
 Stab: Sleeping          |     6 |     2 ||     8
Armor: Leather armour    |    31 |    18 ||    49
Dodge: Dodged            |    43 |    36 ||    79
